 Dungeon Crawl Stone Soup version 0.22.1-2-g9c5b331 (webtiles) character file.

223947 Goblin1989 the Swashbuckler (level 19, -5/149 HPs)
             Began as a Gnoll Gladiator on Nov 24, 2018.
             Was the Champion of Okawaru.
             Slain by a two-headed ogre
             ... wielding a +0 giant spiked club
              (9 damage)
             ... on level 3 of the Vaults on Dec 3, 2018.
             The game lasted 02:39:22 (46505 turns).

Goblin1989 the Swashbuckler (Gnoll Gladiator)      Turns: 46505, Time: 02:39:23

Health: -5/149     AC: 13    Str: 20      XL:     19   Next: 28%
Magic:  35/35      EV: 21    Int: 12 (13) God:    Okawaru [******]
Gold:   2343       SH:  0    Dex: 19      Spells: 23/43 levels left

rFire    + . .     SeeInvis .   a - +8 war axe of Prudence {holy, Stlth+}
rCold    . . .     Gourm    +   h - +5 large shield of Melancholy {+Fly Slay+3}
rNeg     . . .     Faith    .   L - +2 robe {Archmagi}
rPois    .         Spirit   .   E - +2 hat
rElec    .         Reflect  .   B - +2 cloak {+Inv} {god gift}
rCorr    +         Harm     .   H - +1 pair of gloves
MR       +....                  (no boots)
Stlth    ++++......             G - amulet of the gourmand
HPRegen  0.34/turn              f - ring "Wyzxegon" {rCorr rF+ Stlth+}
MPRegen  0.24/turn              j - ring of wizardry

@: confused, slowed, studying Short Blades, very slow
A: distributed training, fangs 1, blurry vision 1, strong nose
}: 1/15 runes: gossamer
a: Heroism, Finesse, Renounce Religion, Evoke Invisibility, Evoke Flight


You were on level 3 of the Vaults.
You worshipped Okawaru.
Okawaru was exalted by your worship.
You were very full.

You visited 5 branches of the dungeon, and saw 30 of its levels.
You also visited: Ice Cave.

You collected 3534 gold pieces.
You spent 1191 gold pieces at shops.

Inventory:

Hand Weapons
 a - the +8 war axe of Prudence (weapon) {holy, Stlth+}
   (You found it on level 9 of the Dungeon)

   It has been blessed by the Shining One to cause great damage to the undead
   and demons.
   It makes you more stealthy.
 b - a +4 broad axe of venom
 u - a +2 fustibalus of freezing {god gift}
 M - a +6 quick blade {god gift}
Missiles
 C - 225 sling bullets
 Q - 961 stones {@Q3}
 Z - 8 throwing nets (quivered) {!d , @Q1}
Armour
 h - the +5 large shield of Melancholy (worn) {+Fly Slay+3}
   (You took it off an orc sorcerer on level 10 of the Dungeon)

   It affects your accuracy and damage with ranged weapons and melee attacks
   (+3).
   It lets you fly.
 p - a scarf of cloud immunity {god gift}
 B - a +2 cloak of invisibility (worn) {god gift}
 E - a +2 hat (worn)
 H - a +1 pair of gloves (worn)
 L - a +2 robe of the Archmagi (worn)
Magical Staves
 w - an uncursed staff of wizardry {!a}
Jewellery
 f - the ring "Wyzxegon" (left hand) {rCorr rF+ Stlth+}
   (You found it on level 5 of the Lair of Beasts)

   [ring of resist corrosion]

   It protects you from fire.
   It makes you more stealthy.
 j - a ring of wizardry (right hand)
 q - the ring "Wuacsiu" {Ice Str+4 Int+2}
   (You took it off a deep elf mage on level 10 of the Dungeon)

   [ring of ice]

   It enhances your ice magic.
   It affects your strength (+4).
   It affects your intelligence (+2).
   It makes you vulnerable to fire.
   It protects you from cold.
 s - an uncursed ring of see invisible
 G - an amulet of the gourmand (around neck)
Wands
 o - a wand of iceblast (7) {@v4}
 t - a wand of acid (44) {@v2}
 I - a wand of flame (35) {@v6}
 Y - a wand of clouds (3) {@v3}
Scrolls
 i - 3 scrolls of enchant armour
 l - 3 scrolls of fog
 m - 3 scrolls of immolation
 n - a scroll of fear
 v - a scroll of silence
 F - a scroll of summoning
 N - a scroll of vulnerability
 R - 2 scrolls of identify {@r1}
 T - 8 scrolls of teleportation {!r, @r2}
 U - 8 scrolls of remove curse {@r3}
Potions
 c - 3 potions of magic
 d - a potion of cancellation
 g - a potion of invisibility
 k - a potion of agility {@q5}
 z - 4 potions of resistance {@q6}
 D - 8 potions of ambrosia
 J - 4 potions of haste {@q3,}
 K - a potion of berserk rage
 O - 8 potions of brilliance
 P - 4 potions of might {@q4}
 S - 2 potions of curing {@q1}
 V - a potion of mutation {!q}
 W - 4 potions of flight
 X - 5 potions of heal wounds {@q2}
Books
 y - a manual of Short Blades
Comestibles
 e - 44 rations
 A - 19 chunks of flesh


   Skills:
 + Level 13.2 Fighting
 + Level 15.7 Short Blades
 + Level 12.5 Long Blades
 + Level 13.8 Axes
 + Level 12.5 Maces & Flails
 + Level 12.5 Polearms
 + Level 12.5 Staves
 + Level 12.5 Slings
 + Level 12.5 Bows
 + Level 12.5 Crossbows
 + Level 13.2 Throwing
 + Level 12.5 Armour
 + Level 13.8 Dodging
 + Level 12.5 Stealth
 + Level 12.5 Shields
 + Level 12.5 Unarmed Combat
 + Level 12.5 Spellcasting
 + Level 10.7 Conjurations
 + Level 10.7 Hexes
 + Level 10.7 Charms
 + Level 10.7 Summonings
 + Level 10.7 Necromancy
 + Level 10.7 Translocations
 + Level 10.7 Transmutations
 + Level 10.7 Fire Magic
 + Level 10.7 Ice Magic
 + Level 10.7 Air Magic
 + Level 10.7 Earth Magic
 + Level 10.7 Poison Magic
 + Level 13.5 Invocations
 + Level 12.5 Evocations


You had 23 spell levels left.
You knew the following spells:

 Your Spells              Type           Power        Failure   Level  Hunger
a - Confusing Touch       Hex            ######       1%          1    None
b - Animate Skeleton      Necr           N/A          1%          1    None
d - Blink                 Tloc           N/A          1%          2    None
f - Deflect Missiles      Chrm/Air       ######....   32%         6    ######.
j - Conjure Flame         Conj/Fire      ######..     1%          3    None
o - Apportation           Tloc           ######       1%          1    None
Y - Statue Form           Tmut/Erth      ######...    32%         6    ######.

Your spell library contained the following spells:

 Spells                   Type           Power        Failure   Level  Hunger
 Magic Dart               Conj           ####         1%          1    None
 Summon Small Mammal      Summ           ####         1%          1    None
 Call Imp                 Summ           ######..     1%          2    None
 Slow                     Hex            ######..     1%          2    None
 Call Canine Familiar     Summ           ######..     1%          3    None
 Ignite Poison            Fire/Tmut/Pois ######..     1%          3    None
 Mephitic Cloud           Conj/Pois/Air  ######..     1%          3    None
 Summon Guardian Golem    Hex/Summ       ######..     1%          3    None
 Leda's Liquefaction      Hex/Erth       ######....   2%          4    ###....
 Summon Ice Beast         Ice/Summ       ######..     2%          4    ###....
 Summon Lightning Spire   Summ/Air       ######..     2%          4    ###....
 Bolt of Magma            Conj/Fire/Erth ######....   6%          5    #####..
 Fireball                 Conj/Fire      ######....   6%          5    #####..
 Iskenderun's Battlesphe  Conj/Chrm      ######..     6%          5    #####..
 Silence                  Hex/Air        ######....   6%          5    #####..
 Venom Bolt               Conj/Pois      ######....   6%          5    #####..
 Bolt of Fire             Conj/Fire      ######....   32%         6    ######.
 Conjure Ball Lightning   Conj/Air       ######....   32%         6    ######.
 Iron Shot                Conj/Erth      ######....   32%         6    ######.
 Orb of Destruction       Conj           ######....   86%         7    #######
 Ring of Flames           Chrm/Fire      ######....   86%         7    #######
 Spellforged Servitor     Conj/Summ      ######....   86%         7    #######
 Ignition                 Fire           ######....   100%        8    #######
 Shatter                  Erth           ######....   100%        9    #######
 Tornado                  Air            ######....   100%        9    #######


Dungeon Overview and Level Annotations

Branches:
Dungeon (15/15)            Temple (0/1) D:7            Lair (6/6) D:10
 Shoals (0/4) Lair:3       Spider (4/4) Lair:3        Slime (0/5) Lair:5
    Orc (2/2) D:10            Elf (0/3) Orc:2        Vaults (3/5) D:13
  Crypt (0/3) Vaults:2     Depths (0/5) D:15

Altars:
Cheibriados
Dithmenos
Elyvilon
Okawaru
Ru
Uskayaw
Vehumet
Wu Jian
Xom
The Shining One
Jiyva

Shops:
D:5 (   D:7 (*}!}   D:9 %(:*   D:10 [   Orc:2 :*([%

Portals:
Trove: D:12 (give +5 fire dragon scales)

Annotations:
Lair:4 exclusion: 4 oklob plants
Spider:4 3 runed doors


Innate Abilities, Weirdness & Mutations

Your experience applies equally to all skills.
You have very sharp teeth.
Your uncanny sense of smell can sniff out nearby items.
Scrolls take you a little longer to read.


Message History

Your shield prevents you from hitting the two-headed ogre.
You slice the fire giant!! You hit something but do no damage.
You block the ogre mage's attack. Something closely misses you.
The yaktaur shoots a bolt.
The bolt misses you.
The fire giant points at you and mumbles some strange words.
The bolt of fire misses you. You block the ogre mage's attack.
Something closely misses you.
You slash the fire giant!
The fire giant is heavily wounded.
You hit something but do no damage. You barely miss the vault warden.
You hit the vault warden but do no damage.
You block the fire giant's attack. You block the vault warden's attack.
The yaktaur shoots a bolt.
The bolt misses you. You block the vault warden's attack.
The ogre mage misses you. Something hits you. Something drains your vigour!
You feel as though you will be slow longer.
The fire giant hits you but does no damage.
The vault warden barely misses you. You block the vault warden's attack.
Something hits you but does no damage.
The yaktaur shoots a bolt.
Reactivating autopickup.
You feel a bit more experienced.
You take 6 damage, and have 137/193 hp.
You slice the fire giant!!
The fire giant is severely wounded.
You slash the vault warden! The vault warden blocks your attack.
The ogre mage misses you. You block the vault warden's attack.
You block the fire giant's attack.
The vault warden hits you with a long sword!
The yaktaur shoots a bolt.
The bolt closely misses you.
The ogre mage hits you from afar with a halberd.
You block the vault warden's attack.
You take 12 damage, and have 125/193 hp.
You open the fire giant like a pillowcase!!!
You bite the fire giant.
You kill the fire giant!
Okawaru accepts your kill.
You feel your intelligence returning.
You hit the vault warden. You slash the vault warden!
The runic seals fade away.
The vault warden hits you with a long sword!
The ogre mage casts a spell.
The ogre mage flickers and vanishes!
Deactivating autopickup; reactivate with Ctrl-A.
The yaktaur shoots a bolt.
You block the bolt.
The vault warden hits you with a long sword!!
* * * LOW HITPOINT WARNING * * *
You block the vault warden's attack. Something completely misses you.
You take 41 damage, and have 84/193 hp.
MASSIVE DAMAGE!!
MP restored: 35 You are too injured to fight recklessly!
Unknown command.
You are too injured to fight recklessly!
Unknown command.
Unknown command.
Unknown command.
You slash the two-headed ogre!
You kill the two-headed ogre!
Okawaru accepts your kill.
You slice the vault warden!! x2
Your transformation is almost over.
The yaktaur shoots a bolt.
The bolt hits you.
* * * LOW HITPOINT WARNING * * *
The vault warden hits you but does no damage. x2
Something closely misses you. The vault warden closely misses you.
The yaktaur shoots a bolt.
The bolt closely misses you.
You take 2 damage, and have 82/193 hp.
You slash the two-headed ogre!
You bite the two-headed ogre, but do no damage.
The two-headed ogre is severely wounded.
The vault warden blocks your attack.
You slash the vault warden!
The vault warden hits you but does no damage.
You hear some strange, mumbled words.
You are confused.
The vault warden hits you but does no damage.
Something closely misses you.
The vault warden hits you but does no damage.
The two-headed ogre completely misses you. x2
The ogre hits you with a giant club.
* * * LOW HITPOINT WARNING * * *
The vault warden closely misses you.
You take 4 damage, and have 78/193 hp.
You bump into the metal wall.
The ogre misses you. Something hits you but does no damage.
The vault warden activates a sealing rune.
The vault warden misses you. The two-headed ogre misses you. x2
The vault warden barely misses you. The ogre completely misses you.
Something hits you but does no damage.
Unknown command.
You bump into the metal wall.
You revert to your normal fleshy form.
Your +1 pair of gloves unmelds from your body.
Your +2 robe of the Archmagi unmelds from your body.
You feel powerful. The ogre hits you with a giant club!!
* * * LOW HITPOINT WARNING * * *
The vault warden hits you with a long sword!!
* * * LOW HITPOINT WARNING * * *
The two-headed ogre hits you with a giant spiked club.
* * * LOW HITPOINT WARNING * * *
The two-headed ogre hits you with a giant club!
You die... ██████████

█████████........█
........█........█
........█........▲
......c{█........█
......OO█........█
...>.cp@█........█
......p.▲........█
█████████........█
█........█
███████∆██████████
█.................
█.................
█.................
█.................


You could see 2 vault wardens, a two-headed ogre, 2 yaktaurs and an ogre.

Vanquished Creatures
  Nikola (Vaults:1)
  Arachne (Spider:2)
  Rupert (Lair:4)
  An ancient champion (Vaults:2)
  Gastronok (Lair:2)
  A tengu reaver (D:10)
  A fire giant (Vaults:3)
  3 ghost moths
  6 emperor scorpions
  An orc warlord (Orc:2)
  7 vault wardens
  3 stone giants
  9 ironheart preservers
  An entropy weaver (Spider:2)
  Nessos (D:12)
  A deep elf annihilator (Vaults:2)
  A spark wasp (Spider:4)
  2 fire dragons
  2 jiangshi (Vaults:2)
  2 great orbs of eyes
  3 yaktaur captains
  Josephine (D:15)
  3 vault guards
  2 ice dragons (IceCv)
  3 hydras
  A rakshasa (Vaults:3)
  Harold (D:8)
  Erica (D:8)
  A catoblepas (Lair:3)
  A death knight (Vaults:2)
  2 dancing weapons (D:13)
  9 death yaks
  6 ogre magi
  29 two-headed ogres
  A tengu warrior (D:15)
  7 centaur warriors
  3 orc high priests
  3 deep elf knights
  4 skeletal warriors (Vaults:2)
  3 unseen horrors
  2 glowing orange brains
  3 wizards
  A tengu zombie (Vaults:3)
  6 deep elf archers
  2 lindwurms (Lair:4)
  A harpy (shapeshifter) (D:15)
  12 deep elf magi
  A phantasmal warrior (D:10)
  2 necromancers (Vaults:3)
  An orb spider (shapeshifter) (D:15)
  12 ironbrand convokers
  Pikel (D:9)
  29 wolf spiders
  5 orc knights
  19 ugly things
  A salamander (shapeshifter) (Vaults:1)
  A human zombie (Vaults:3)
  8 orb spiders
  A faun (shapeshifter) (D:15)
  An oklob plant (Lair:1)
  8 orc sorcerers
  5 manticores
  6 cyclopes
  A stone giant zombie (Vaults:3)
  A moth of wrath (Spider:2)
  A torpor snail (Spider:1)
  3 black mambas
  2 fire giant skeletons (Vaults:3)
  11 elephants
  6 vault sentinels
  7 spiny frogs
  Joseph (D:8)
  2 ice statues (IceCv)
  Psyche (D:8)
  A gargoyle (D:11)
  A centaur skeleton (D:10)
  5 rime drakes
  2 yaktaurs (Vaults:1)
  2 kobold demonologists (D:13)
  10 komodo dragons
  4 freezing wraiths
  18 demonic crawlers
  2 ice devils (D:14)
  A tengu conjurer (D:13)
  26 jumping spiders
  A tengu simulacrum (Vaults:1)
  7 trolls
  4 meliai
  A queen bee (Lair:4)
  A polar bear (Lair:1)
  A harpy skeleton (D:15)
  11 hornets
  A sphinx simulacrum (Vaults:3)
  9 slime creatures
  Prince Ribbit (Lair:2)
  16 hippogriffs
  A fire giant simulacrum (Vaults:2)
  11 blink frogs
  An ettin skeleton (Vaults:3)
  34 redbacks
  2 shadows
  12 tarantellas
  4 wyverns
  9 wraiths
  A vampire (D:12)
  33 yaks
  Eustachio (D:5)
  6 basilisks
  3 hungry ghosts
  2 wargs
  A vampire mosquito (D:10)
  Menkaure (D:5)
  A soldier ant (shapeshifter) (Vaults:2)
  An acid dragon (shapeshifter) (D:15)
  A soldier ant (D:14)
  Edmund (D:5)
  3 acid dragons
  10 water moccasins
  5 porcupines
  A black bear (shapeshifter) (D:15)
  A hornet zombie (D:9)
  10 sky beasts
  39 orc warriors
  20 ice beasts
  A boggart (Vaults:1)
  4 black bears
  3 slaves (D:9)
  8 phantoms
  A necrophage (D:9)
  19 ogres
  6 wolves
  13 centaurs
  8 crocodiles
  2 big kobolds
  A gnoll sergeant (D:8)
  10 bullfrogs
  A water moccasin skeleton (D:11)
  5 scorpions
  41 killer bees
  16 wights
  7 crimson imps
  2 bullfrog zombies
  A quasit (D:7)
  5 hounds
  7 centaur zombies
  6 jellies
  23 orc priests
  4 bullfrog skeletons
  Ijyb (D:3)
  5 iguanas
  13 orc wizards
  2 hell rats
  7 worker ants
  A killer bee zombie (D:8)
  A hound zombie (D:10)
  2 hound skeletons
  A worker ant zombie (D:6)
  25 gnolls
  A howler monkey skeleton (D:11)
  19 adders
  A shadow imp (D:7)
  7 oozes
  3 worms
  5 dart slugs
  7 leopard geckos
  71 orcs
  8 giant cockroaches
  15 goblins
  11 hobgoblins
  10 jackals
  15 kobolds
  4 quokkas
  A ball python zombie (D:5)
  15 bats
  6 frilled lizards
  A goblin skeleton (D:4)
  A goblin zombie (D:4)
  2 hobgoblin zombies (D:4)
  2 kobold zombies (D:4)
  2 orc skeletons (D:4)
  2 orc zombies (D:4)
  10 rats
  4 fungi
  A plant (Lair:4)
1110 creatures vanquished.

Vanquished Creatures (others)
  An emperor scorpion (Spider:4)
  A shadow wraith (Vaults:3)
  A wolf spider (Spider:4)
  A hornet (Spider:4)
  A centaur (Vaults:3)
  A quokka (D:4)
  2 kobolds (D:9)
  15 fungi
  6 plants
29 creatures vanquished.

Grand Total: 1139 creatures vanquished

Notes
Turn   | Place    | Note
-------+----------+-------------------------------------------
     0 | D:1      | Goblin1989 the Gnoll Gladiator began the quest for the Orb.
     0 | D:1      | Reached XP level 1. HP: 20/20 MP: 1/1
   218 | D:1      | Reached XP level 2. HP: 26/26 MP: 2/2
   409 | D:1      | Reached XP level 3. HP: 26/31 MP: 3/3
   593 | D:1      | Reached skill level 1 in Invocations
  1098 | D:2      | Reached skill level 1 in Short Blades
  1098 | D:2      | Reached skill level 1 in Long Blades
  1098 | D:2      | Reached skill level 1 in Maces & Flails
  1098 | D:2      | Reached skill level 1 in Polearms
  1098 | D:2      | Reached skill level 1 in Staves
  1098 | D:2      | Reached skill level 1 in Slings
  1098 | D:2      | Reached skill level 1 in Bows
  1098 | D:2      | Reached skill level 1 in Crossbows
  1098 | D:2      | Reached skill level 1 in Armour
  1098 | D:2      | Reached skill level 1 in Stealth
  1098 | D:2      | Reached skill level 1 in Shields
  1098 | D:2      | Reached skill level 1 in Unarmed Combat
  1098 | D:2      | Reached skill level 1 in Spellcasting
  1098 | D:2      | Reached skill level 1 in Evocations
  1196 | D:2      | Reached XP level 4. HP: 38/38 MP: 5/5
  1367 | D:2      | Reached skill level 1 in Conjurations
  1367 | D:2      | Reached skill level 1 in Hexes
  1367 | D:2      | Reached skill level 1 in Charms
  1367 | D:2      | Reached skill level 1 in Summonings
  1367 | D:2      | Reached skill level 1 in Necromancy
  1367 | D:2      | Reached skill level 1 in Translocations
  1367 | D:2      | Reached skill level 1 in Transmutations
  1367 | D:2      | Reached skill level 1 in Fire Magic
  1367 | D:2      | Reached skill level 1 in Ice Magic
  1367 | D:2      | Reached skill level 1 in Air Magic
  1367 | D:2      | Reached skill level 1 in Earth Magic
  1367 | D:2      | Reached skill level 1 in Poison Magic
  1608 | D:2      | You fall through a shaft!
  1608 | D:3      | Found an iron altar of Okawaru.
  1614 | D:3      | Became a worshipper of Warmaster Okawaru
  1625 | D:3      | Reached XP level 5. HP: 34/43 MP: 6/6
  1749 | D:3      | Noticed Ijyb
  1826 | D:3      | Noticed a sky beast
  2828 | D:3      | Reached XP level 6. HP: 38/50 MP: 8/8
  3045 | D:3      | Killed a sky beast
  3045 | D:3      | Reached skill level 5 in Fighting
  3045 | D:3      | Reached skill level 2 in Short Blades
  3045 | D:3      | Reached skill level 5 in Throwing
  3240 | D:3      | Killed Ijyb
  3240 | D:3      | Reached * piety under Okawaru
  3558 | D:3      | Reached XP level 7. HP: 26/56 MP: 10/10
  3942 | D:4      | Found a glowing golden altar of the Shining One.
  3991 | D:4      | Found a white marble altar of Elyvilon.
  4944 | D:4      | Found a sacrificial altar of Ru.
  5043 | D:5      | Entered Level 5 of the Dungeon
  5314 | D:5      | Noticed Edmund
  5327 | D:5      | Killed Edmund
  5327 | D:5      | Reached ** piety under Okawaru
  5327 | D:5      | Reached XP level 8. HP: 25/63 MP: 10/12
  5566 | D:5      | Noticed Eustachio
  5577 | D:5      | Killed Eustachio
  5577 | D:5      | Reached skill level 3 in Short Blades
  5587 | D:5      | Noticed Menkaure
  5599 | D:5      | Killed Menkaure
  6105 | D:5      | Found Gussoed's Weapon Boutique.
  6725 | D:6      | Reached XP level 9. HP: 64/69 MP: 11/14
  7409 | D:6      | Found an ornate altar of the Wu Jian Council.
  7428 | D:6      | Found a shimmering altar of Xom.
  7428 | D:6      | Found a radiant altar of Vehumet.
  7608 | D:7      | Reached *** piety under Okawaru
  7608 | D:7      | Reached skill level 4 in Short Blades
  7815 | D:7      | Found Kyga's Distillery.
  7818 | D:7      | Found a staircase to the Ecumenical Temple.
  7821 | D:7      | Bought a potion of curing for 45 gold pieces
  7821 | D:7      | Bought a potion of degeneration for 15 gold pieces
  7821 | D:7      | Bought 2 potions of heal wounds for 150 gold pieces
  7821 | D:7      | Bought a potion of flight for 45 gold pieces
  7821 | D:7      | Bought a potion of brilliance for 60 gold pieces
  7987 | D:7      | Found Kasheq's Gadget Emporium.
  8018 | D:7      | Found Ifeil's Gadget Boutique.
  8607 | D:7      | Found Ibypsou's Antique Weapon Boutique.
  8712 | D:7      | Reached skill level 5 in Invocations
  8953 | D:7      | Reached XP level 10. HP: 77/77 MP: 17/17
  9040 | D:7      | Found Uppoj's General Store.
  9487 | D:8      | Noticed Joseph
  9504 | D:8      | Killed Joseph
  9504 | D:8      | Noticed Erica
  9649 | D:8      | Noticed Psyche
  9653 | D:8      | Killed Psyche
  9653 | D:8      | Reached skill level 5 in Short Blades
  9653 | D:8      | Reached skill level 5 in Long Blades
  9653 | D:8      | Reached skill level 5 in Maces & Flails
  9653 | D:8      | Reached skill level 5 in Polearms
  9653 | D:8      | Reached skill level 5 in Staves
  9653 | D:8      | Reached skill level 5 in Slings
  9653 | D:8      | Reached skill level 5 in Bows
  9653 | D:8      | Reached skill level 5 in Crossbows
  9653 | D:8      | Reached skill level 5 in Armour
  9653 | D:8      | Reached skill level 5 in Stealth
  9653 | D:8      | Reached skill level 5 in Shields
  9653 | D:8      | Reached skill level 5 in Unarmed Combat
  9653 | D:8      | Reached skill level 5 in Spellcasting
  9653 | D:8      | Reached skill level 5 in Evocations
  9776 | D:8      | Killed Erica
  9776 | D:8      | Received a gift from Okawaru
  9776 | D:8      | Reached **** piety under Okawaru
 10044 | D:8      | Found a shadowy altar of Dithmenos.
 10048 | D:8      | Found a snail-covered altar of Cheibriados.
 10103 | D:8      | Goblin1989: привет, илья
 10276 | D:8      | Noticed Harold
 10287 | D:8      | graymark: здарова!
 10366 | D:8      | Killed Harold
 10375 | D:7      | Goblin1989: Как жизнь?
 10704 | D:8      | graymark: ой, та такое
 10720 | D:8      | graymark: мучаюсь на работе
 10720 | D:8      | Goblin1989: аналогично
 10720 | D:8      | Goblin1989: опа, так и я тоже на работе сижу
 10720 | D:8      | Goblin1989: у нас тут кипу докупментов запросили в пятницу
 10720 | D:8      | Goblin1989: вот, я сегодя с самого утра тут сижу
 10720 | D:8      | Goblin1989: решил сделать перерыв минут 30-40
 10847 | D:7      | graymark: чет я смотрю гнолл имбовый
 10849 | D:8      | Goblin1989: он крутой, агась
 10849 | D:8      | graymark: я еще им не играл. играю редко
 10849 | D:8      | graymark: надо будет пробнуть
 10849 | D:8      | Goblin1989: качает все подряд постоянно
 10849 | D:8      | graymark: а покажи m
 10849 | D:8      | Goblin1989: то есть любое подобраное тобой говно
                  | потенциально полечное
 10849 | D:8      | graymark: жесть
 10849 | D:8      | Goblin1989: на самом деле норм
 10849 | D:8      | graymark: а что это за XtahuaRules ?
 10849 | D:8      | Goblin1989: он в лейте имба, вплоть до л5-6 как по мне,
                  | потом просаживается немного, к эндгейму немного
                  | выравнивается
 10849 | D:8      | Goblin1989: так бот же
 10849 | D:8      | Goblin1989: !lg .
 10849 | D:8      | XtahuaRules: 2752. Goblin1989 the Nimble (L13 GnGl of Ru),
                  | hit from afar by a cyclops (large rock) on Orc:2 on
                  | 2018-11-24 04:11:34, with 29437 points after 22384 turns
                  | and 1:02:13.
 10849 | D:8      | graymark: ыыы
 10849 | D:8      | graymark: а кудой бима дели
 10849 | D:8      | Goblin1989: я все скилы до 27 им не выкачивал, так как 15-и
                  | рунки не делаю, но совсем эндгеймовые гноллы в теории
                  | должны уметь все
 10849 | D:8      | Goblin1989: им хорошо чеи заходит
 11117 | D:8      | Found a hide-covered altar of Uskayaw.
 11350 | D:9      | Found Cilurud's Assorted Antiques.
 11450 | D:9      | Found Yriloc's Book Emporium.
 11455 | D:9      | graymark: в транке есть чет интересное новое ?
 11455 | D:9      | Goblin1989: ну как сказать
 11455 | D:9      | Goblin1989: конфузтач тепарь действует и с оружия, вещи на
                  | противника определяются четко, то есть даже энчант
                  | показывает. больше ничего особенного не помню
 11523 | D:9      | Got a crystal war axe
 11540 | D:9      | Found Tomew's Distillery.
 11546 | D:9      | Noticed Pikel
 11589 | D:9      | Goblin1989: я уже начинаю немного жалеть что я не взял
                  | какобычно гозага, столько шопов вокруг
 11631 | D:9      | graymark: Это же кровля - тут всегда западло
 11664 | D:9      | Reached XP level 11. HP: 78/84 MP: 19/19
 11665 | D:9      | Goblin1989: ага, и такое бывает
 11805 | D:9      | Killed Pikel
 11810 | D:9      | Identified the +8 war axe of Prudence {holy, Stlth+} (You
                  | found it on level 9 of the Dungeon)
 11925 | D:9      | Reached ***** piety under Okawaru
 12183 | D:9      | Found Hijuokh's Food Shoppe.
 12203 | D:9      | graymark: пойду своего демонспавна убью
 12213 | D:9      | Goblin1989: пожалей животинку, че ты так
 12260 | D:9      | Found Naimy's Antique Weapon Boutique.
 12409 | D:7      | Bought a glowing broad axe for 161 gold pieces
 12511 | D:9      | Reached skill level 6 in Short Blades
 12771 | D:9      | Reached skill level 5 in Conjurations
 12771 | D:9      | Reached skill level 5 in Hexes
 12771 | D:9      | Reached skill level 5 in Charms
 12771 | D:9      | Reached skill level 5 in Summonings
 12771 | D:9      | Reached skill level 5 in Necromancy
 12771 | D:9      | Reached skill level 5 in Translocations
 12771 | D:9      | Reached skill level 5 in Transmutations
 12771 | D:9      | Reached skill level 5 in Fire Magic
 12771 | D:9      | Reached skill level 5 in Ice Magic
 12771 | D:9      | Reached skill level 5 in Air Magic
 12771 | D:9      | Reached skill level 5 in Earth Magic
 12771 | D:9      | Reached skill level 5 in Poison Magic
 12874 | D:10     | Entered Level 10 of the Dungeon
 12874 | D:10     | Found Buherphawn's Armour Shop.
 13036 | D:10     | Noticed a purple ugly thing
 13049 | D:10     | Killed a purple ugly thing
 13049 | D:10     | Received a gift from Okawaru
 13117 | D:10     | Killed an unseen horror
 13642 | D:10     | Noticed a deep elf mage
 13985 | D:10     | Found a runed door.
 13988 | D:10     | Noticed a green ugly thing
 13997 | D:10     | Killed a deep elf mage
 14010 | D:10     | Killed a green ugly thing
 14013 | D:10     | Got a clouded steel ring
 14034 | D:10     | Identified the ring "Wuacsiu" {Ice Str+4 Int+2} (You took
                  | it off a deep elf mage on level 10 of the Dungeon)
 14312 | D:10     | Found a staircase to the Orcish Mines.
 14368 | D:10     | Noticed an orc sorcerer
 14377 | D:10     | Paralysed by an orc sorcerer for 4 turns
 14385 | D:10     | Paralysed by an orc sorcerer for 4 turns
 14392 | D:10     | Killed an orc sorcerer
 14394 | D:10     | Got a heavily runed large shield
 14603 | D:10     | Noticed a deep elf mage
 14612 | D:10     | Killed a deep elf mage
 14621 | D:10     | Reached XP level 12. HP: 86/93 MP: 20/22
 14688 | D:10     | Got a blackened longbow
 14701 | D:10     | Identified the +5 large shield of Melancholy {+Fly Slay+3}
                  | (You took it off an orc sorcerer on level 10 of the
                  | Dungeon)
 14791 | D:10     | Received a gift from Okawaru
 14820 | D:10     | Identified the cursed +3 longbow of Loloogaef {freeze,
                  | rPois Str+7} (You found it on level 10 of the Dungeon)
 14894 | D:10     | Found a staircase to the Lair.
 15197 | D:10     | Noticed a tengu reaver
 15210 | D:10     | Killed a tengu reaver
 15210 | D:10     | Reached skill level 7 in Short Blades
 15643 | Lair:1   | Entered Level 1 of the Lair of Beasts
 15679 | Lair:1   | Received a gift from Okawaru
 15685 | Lair:1   | Got a faintly glowing demon blade {god gift}
 15691 | Lair:1   | Identified the +4 demon blade of the Iron City of Dis {god
                  | gift, freeze, Int+3} (Okawaru gifted it to you on level 1
                  | of the Lair of Beasts)
 15705 | Lair:1   | Learned a level 2 spell: Blink
 15709 | Lair:1   | Learned a level 3 spell: Conjure Flame
 16967 | Lair:2   | Reached skill level 10 in Axes
 16967 | Lair:2   | Reached skill level 10 in Dodging
 17066 | Lair:2   | Noticed Gastronok
 17084 | Lair:2   | Killed Gastronok
 17084 | Lair:2   | Received a gift from Okawaru
 17084 | Lair:2   | Reached skill level 8 in Short Blades
 17084 | Lair:2   | Reached XP level 13. HP: 60/101 MP: 17/24
 17269 | Lair:2   | Noticed Prince Ribbit
 17289 | Lair:2   | Killed Prince Ribbit
 17892 | Lair:2   | Reached skill level 9 in Short Blades
 18155 | Lair:2   | You fall through a shaft!
 18701 | Lair:3   | Found a staircase to the Shoals.
 18723 | Lair:3   | Found a hole to the Spider Nest.
 19084 | Lair:3   | Received a gift from Okawaru
 19533 | Lair:4   | Noticed Rupert
 19992 | Lair:4   | Received a gift from Okawaru
 20040 | Lair:4   | Killed Rupert
 20164 | Lair:4   | Reached XP level 14. HP: 61/109 MP: 26/26
 20210 | Lair:4   | Received a gift from Okawaru
 20477 | Lair:4   | Reached skill level 10 in Short Blades
 20498 | Lair:4   | Received a gift from Okawaru
 21003 | Lair:4   | Reached skill level 10 in Fighting
 21003 | Lair:4   | Reached skill level 10 in Throwing
 21884 | Lair:4   | Got a dazzling triple crossbow {god gift}
 22070 | Lair:4   | Identified the +3 triple crossbow "Iridwes" {god gift,
                  | velocity, Str+4 Int+4} (Okawaru gifted it to you on level 4
                  | of the Lair of Beasts)
 22464 | Lair:5   | Found a viscous altar of Jiyva.
 22464 | Lair:5   | Found a staircase to the Slime Pits.
 22473 | Lair:5   | Got a glittering bronze ring
 22489 | Lair:5   | Identified the ring "Wyzxegon" {rCorr rF+ Stlth+} (You
                  | found it on level 5 of the Lair of Beasts)
 22841 | Lair:5   | Received a gift from Okawaru
 23260 | Lair:5   | Reached skill level 10 in Invocations
 23824 | Lair:6   | Entered Level 6 of the Lair of Beasts
 23932 | Orc:1    | Entered Level 1 of the Orcish Mines
 24290 | Orc:2    | Entered Level 2 of the Orcish Mines
 24320 | Orc:2    | Found Atoef's General Store.
 24433 | Orc:2    | Noticed an orc warlord
 24434 | Orc:2    | Found Labbaat's Book Shop.
 24588 | Orc:1    | Reached skill level 11 in Short Blades
 24874 | Orc:2    | Killed an orc warlord
 24940 | Orc:2    | Found Bazimy's Food Shop.
 24955 | Orc:2    | Found Ohameoce's Antique Armour Shop.
 25085 | Orc:2    | Bought a book of the Earth for 715 gold pieces
 25092 | Orc:2    | Learned a level 6 spell: Statue Form
 25629 | Orc:2    | Found a staircase to the Elven Halls.
 25646 | Orc:2    | Found Onyguje's Antique Weapon Shop.
 25814 | Orc:1    | Reached XP level 15. HP: 43/117 MP: 24/28
 26351 | Orc:1    | Received a gift from Okawaru
 26835 | D:11     | Received a gift from Okawaru
 27546 | D:12     | Noticed Nessos
 27599 | D:12     | Killed Nessos
 27932 | D:12     | Found a portal to a secret trove of treasure.
 28065 | D:12     | Received a gift from Okawaru
 28345 | D:12     | Got a brightly glowing ring mail
 28346 | D:12     | Identified the +0 ring mail of Youthful Indiscretion {rElec
                  | rN+} (You found it on level 12 of the Dungeon)
 28742 | D:13     | Found a gate to the Vaults.
 28905 | D:13     | Reached skill level 10 in Long Blades
 28905 | D:13     | Reached skill level 10 in Maces & Flails
 28905 | D:13     | Reached skill level 10 in Polearms
 28905 | D:13     | Reached skill level 10 in Staves
 28905 | D:13     | Reached skill level 10 in Slings
 28905 | D:13     | Reached skill level 10 in Bows
 28905 | D:13     | Reached skill level 10 in Crossbows
 28905 | D:13     | Reached skill level 10 in Armour
 28905 | D:13     | Reached skill level 10 in Stealth
 28905 | D:13     | Reached skill level 10 in Shields
 28905 | D:13     | Reached skill level 10 in Unarmed Combat
 28905 | D:13     | Reached skill level 10 in Spellcasting
 28905 | D:13     | Reached skill level 10 in Evocations
 29674 | D:14     | Reached skill level 12 in Short Blades
 29694 | D:14     | Found a frozen archway.
 29712 | IceCv    | Entered an ice cave
 29862 | IceCv    | Received a gift from Okawaru
 30049 | IceCv    | Received a gift from Okawaru
 31269 | D:15     | Entered Level 15 of the Dungeon
 31473 | D:15     | Received a gift from Okawaru
 31949 | D:15     | Found a staircase to the Depths.
 32424 | D:15     | Noticed Josephine
 32434 | D:15     | Killed Josephine
 32434 | D:15     | Reached XP level 16. HP: 120/125 MP: 30/30
 33096 | Spider:1 | Entered Level 1 of the Spider Nest
 35176 | Spider:2 | Noticed Arachne
 35306 | Spider:2 | Received a gift from Okawaru
 35306 | Spider:2 | Reached skill level 13 in Short Blades
 35477 | Spider:2 | Received a gift from Okawaru
 36145 | Spider:2 | Killed Arachne
 37652 | Spider:4 | Entered Level 4 of the Spider Nest
 37784 | Spider:4 | Found a runed gate.
 37784 | Spider:4 | Found a runed gate.
 37785 | Spider:4 | Found a runed gate.
 38107 | Spider:4 | Learned a level 1 spell: Apportation
 38109 | Spider:4 | Learned a level 1 spell: Confusing Touch
 38116 | Spider:4 | Learned a level 6 spell: Deflect Missiles
 38118 | Spider:4 | Learned a level 1 spell: Animate Skeleton
 38254 | Spider:4 | Reached XP level 17. HP: 125/133 MP: 24/32
 38708 | Spider:3 | Received a gift from Okawaru
 39847 | Spider:4 | Got a gossamer rune of Zot
 40314 | Vaults:1 | Entered Level 1 of the Vaults
 40766 | Vaults:1 | Reached skill level 14 in Short Blades
 40774 | Vaults:1 | Received a gift from Okawaru
 41102 | Vaults:1 | Received a gift from Okawaru
 41755 | Vaults:1 | Noticed Nikola
 41770 | Vaults:1 | Killed Nikola
 42407 | Vaults:1 | Reached skill level 10 in Conjurations
 42407 | Vaults:1 | Reached skill level 10 in Hexes
 42407 | Vaults:1 | Reached skill level 10 in Charms
 42407 | Vaults:1 | Reached skill level 10 in Summonings
 42407 | Vaults:1 | Reached skill level 10 in Necromancy
 42407 | Vaults:1 | Reached skill level 10 in Translocations
 42407 | Vaults:1 | Reached skill level 10 in Transmutations
 42407 | Vaults:1 | Reached skill level 10 in Fire Magic
 42407 | Vaults:1 | Reached skill level 10 in Ice Magic
 42407 | Vaults:1 | Reached skill level 10 in Air Magic
 42407 | Vaults:1 | Reached skill level 10 in Earth Magic
 42407 | Vaults:1 | Reached skill level 10 in Poison Magic
 42995 | Vaults:2 | Reached XP level 18. HP: 141/141 MP: 27/33
 43121 | Vaults:2 | Received a gift from Okawaru
 43124 | Vaults:2 | Identified the +4 arbalest of Cishrawn {god gift, freeze,
                  | Str+6 Int+3} (Okawaru gifted it to you on level 2 of the
                  | Vaults)
 44225 | Vaults:2 | Reached skill level 15 in Short Blades
 44344 | Vaults:2 | Found a staircase to the Crypt.
 44355 | Vaults:2 | Received a gift from Okawaru
 44357 | Vaults:2 | Got an iridescent scimitar {god gift}
 44654 | Vaults:2 | Gained mutation: Scrolls take you a little longer to read.
                  | [miscasting Statue Form]
 44891 | Vaults:2 | Paralysed by a great orb of eyes for 7 turns
 45223 | Vaults:3 | Received a gift from Okawaru
 45503 | Vaults:3 | Reached ****** piety under Okawaru
 45533 | Vaults:3 | Reached XP level 19. HP: 115/149 MP: 35/35
 45780 | Vaults:3 | Identified the +12 scimitar "Bary" {god gift, protect, rF++
                  | MR-} (Okawaru gifted it to you on level 2 of the Vaults)
 46505 | Vaults:3 | HP: 4/149 [two-headed ogre/giant spiked club (6)]
 46505 | Vaults:3 | Slain by a two-headed ogre

Skill      XL: |  1  2  3  4  5  6  7  8  9 10 11 12 13 14 15 16 17 18 |
---------------+-------------------------------------------------------+-----
Invocations    | 1 2 3 4 5 6 7 8 9 10 11 12 13 | 13.5
Short Blades   | 1 2 3 4 5 6 8 9 11 12 13 14 15 | 15.7
Long Blades    | 1 2 3 4 5 6 7 8 9 10 11 12 | 12.5
Maces & Flails | 1 2 3 4 5 6 7 8 9 10 11 12 | 12.5
Polearms       | 1 2 3 4 5 6 7 8 9 10 11 12 | 12.5
Staves         | 1 2 3 4 5 6 7 8 9 10 11 12 | 12.5
Slings         | 1 2 3 4 5 6 7 8 9 10 11 12 | 12.5
Bows           | 1 2 3 4 5 6 7 8 9 10 11 12 | 12.5
Crossbows      | 1 2 3 4 5 6 7 8 9 10 11 12 | 12.5
Armour         | 1 2 3 4 5 6 7 8 9 10 11 12 | 12.5
Stealth        | 1 2 3 4 5 6 7 8 9 10 11 12 | 12.5
Shields        | 1 2 3 4 5 6 7 8 9 10 11 12 | 12.5
Unarmed Combat | 1 2 3 4 5 6 7 8 9 10 11 12 | 12.5
Spellcasting   | 1 2 3 4 5 6 7 8 9 10 11 12 | 12.5
Evocations     | 1 2 3 4 5 6 7 8 9 10 11 12 | 12.5
Conjurations   | 1 2 3 4 5 6 7 8 9 10 | 10.7
Hexes          | 1 2 3 4 5 6 7 8 9 10 | 10.7
Charms         | 1 2 3 4 5 6 7 8 9 10 | 10.7
Summonings     | 1 2 3 4 5 6 7 8 9 10 | 10.7
Necromancy     | 1 2 3 4 5 6 7 8 9 10 | 10.7
Translocations | 1 2 3 4 5 6 7 8 9 10 | 10.7
Transmutations | 1 2 3 4 5 6 7 8 9 10 | 10.7
Fire Magic     | 1 2 3 4 5 6 7 8 9 10 | 10.7
Ice Magic      | 1 2 3 4 5 6 7 8 9 10 | 10.7
Air Magic      | 1 2 3 4 5 6 7 8 9 10 | 10.7
Earth Magic    | 1 2 3 4 5 6 7 8 9 10 | 10.7
Poison Magic   | 1 2 3 4 5 6 7 8 9 10 | 10.7
Fighting       | 5 6 7 8 9 10 11 12 13 | 13.2
Throwing       | 5 6 7 8 9 10 11 12 13 | 13.2
Axes           | 7 8 9 10 11 12 13 | 13.8
Dodging        | 7 8 9 10 11 12 13 | 13.8

Action                   |  1- 3 |  4- 6 |  7- 9 | 10-12 | 13-15 | 16-18 | 19-21 || total
-------------------------+-------+-------+-------+-------+-------+-------+-------++-------
Melee: War axe           |    66 |   226 |   394 |   583 |  1276 |   743 |    94 ||  3382
       Bite              |     2 |    26 |    49 |   113 |   204 |   152 |    23 ||   569
       Broad axe         |       |       |       |    76 |     1 |   202 |       ||   279
       Scimitar          |       |       |       |       |    13 |       |       ||    13
       Quick blade       |       |       |       |       |       |     4 |       ||     4
 Fire: Fustibalus        |       |       |       |    12 |    24 |    62 |       ||    98
Throw: Throwing net      |       |       |     1 |       |       |     1 |       ||     2
 Cast: Statue Form       |       |       |       |       |       |    85 |     4 ||    89
       Confusing Touch   |       |       |       |       |       |     8 |       ||     8
       Deflect Missiles  |       |       |       |       |       |     1 |       ||     1
Invok: Heroism           |       |     1 |     6 |    11 |    19 |    10 |       ||    47
       Finesse           |       |       |       |     4 |     6 |     2 |       ||    12
 Abil: End Transformatio |       |       |       |       |       |     2 |       ||     2
Evoke: Wand              |       |       |       |    11 |     9 |    16 |       ||    36
       Sack of spiders   |       |       |       |       |     1 |       |       ||     1
  Use: Potion            |       |       |     2 |       |     6 |     7 |       ||    15
       Scroll            |       |       |       |    13 |    16 |    13 |     1 ||    43
 Stab: Sleeping          |     2 |     3 |     2 |    14 |    10 |    20 |       ||    51
       Held in net/web   |       |       |     1 |       |       |       |       ||     1
       Distracted        |       |       |       |     1 |     7 |     6 |       ||    14
       Petrified         |       |       |       |       |     6 |       |       ||     6
       Petrifying        |       |       |       |       |     1 |       |       ||     1
       Invisible         |       |       |       |       |       |     2 |       ||     2
  Eat: Chunk             |     1 |     6 |    12 |    17 |    62 |    76 |     5 ||   179
       Ration            |       |     1 |     1 |     3 |       |     4 |       ||     9
Armor: Leather armour    |    12 |    34 |       |       |       |       |       ||    46
       Ring mail         |       |     8 |    51 |       |       |       |       ||    59
       Skin              |       |       |    22 |       |       |   538 |    46 ||   606
       Scale mail        |       |       |    36 |   128 |    98 |       |       ||   262
       Chain mail        |       |       |       |       |    38 |       |       ||    38
       Plate armour      |       |       |       |       |   197 |    11 |       ||   208
       Robe              |       |       |       |       |       |    14 |     2 ||    16
Dodge: Dodged            |    65 |   189 |   271 |   280 |   354 |  1466 |   123 ||  2748
       Deflected         |       |       |       |       |       |     1 |       ||     1
Block: Buckler           |       |    72 |   121 |   103 |       |   481 |       ||   777
       Large shield      |       |       |       |   138 |  1389 |   244 |   145 ||  1916
       Rpst.: Scimitar   |       |       |       |       |     2 |       |       ||     2

Vault maps used:
D:1:      erik_arrival_blinker_ship
D:3:      first_ration, okawaru_altar_gauntlet_db, uniq_ijyb
D:4:      nicolae_tso_besieged_by_evil, elyvilon_altar_4,
          lemuel_coloured_pillars_altar
D:5:      serial_shops, shop, amethyst_killhole, uniq_edmund, uniq_eustachio,
          uniq_menkaure
D:6:      gammafunk_temple_overflow_statue, lemuel_crystal_altar
D:7:      minmay_temple_entry_overgrown, serial_shops, shop, shop,
          shop_fountains, shop, nicolae_shop_overgrown_old_shop
D:8:      kennysheep_mini_moat, chequers_temple_overflow_statue_of_worship,
          uniq_erica, uniq_harold, uniq_joseph, uniq_psyche
D:9:      serial_shops, shop, shop, shop_coins, nicolae_shop_trees, shop_statue,
          hangedman_little_slice_of_home, hangedman_decor_peaks_small,
          uniq_pikel
D:10:     minmay_the_grid_3x3, orc_0_dummy, serial_shops,
          nicolae_shop_statue_plus, minivault_13
D:12:     enter_trove_6, minmay_bent, uniq_nessos
D:13:     erik_vaults_1
D:14:     portal_ice_cave_demonic_guard, minivault_27
D:15:     gammafunk_enter_depths_forms, nicolae_wwwww, uniq_josephine
Lair:1:   st_stairs_12, dpeg_stationary_puzzle, serial_bayou_shore_b,
          infiniplex_staircase_pool_2
Lair:2:   grunt_megastairs_4, uniq_prince_ribbit2, uniq_gastronok
Lair:3:   elwin_shoals_entry_rocks, spider_nest_entry_web_field,
          serial_bayou_shore_a
Lair:4:   hangedman_what_comes_after_a, uniq_rupert
Lair:5:   slime_altar_1, minivault_19
Lair:6:   hangedman_lair_caniforms_friends
Spider:2: uniq_arachne
Spider:4: guppyfry_spider_rune, ebering_ghost_rock_garden
Orc:1:    nicolae_orc_accident_1, serial_shops
Orc:2:    grunt_orc_gardens, grunt_orc_garden, grunt_orc_garden,
          grunt_orc_garden, grunt_orc_garden, serial_shops, nicolae_shop_crystal
Vaults:1: grunt_vaults_swirl, nicolae_vaults_network_star, v_pattern_2,
          v_alt_pattern_5, nicolae_vaults_little_squares_3, vaults_room_corners,
          nicolae_vaults_ring_of_whatevers, uniq_nikola
Vaults:2: nicolae_vaults_murderbox, vaults_dpeg_encased_lava,
          minmay_crypt_entry_simple_plaza, v_rooms_2, hangedman_vaults_maws,
          serial_ice_h, v_misc_9, v_pattern_3, v_misc_25, mu_enter_wizlab_3
Vaults:3: vaults_room_grid, st_octagons_1, v_misc_9,
          ontoclasm_vaults_loading_screen, nicolae_vaults_border_crossing,
          vaults_room_grid, nicolae_vaults_little_squares_1
IceCv:    ice_cave_small_dragons
